 Dungeon Sprint DCSS version 0.31-a0-851-g7ff8af7976 (webtiles) character file.

Game seed: 3197524258802660584

1225 AiryTheDragon the Grappler (level 8, 0/63 HPs)
             Began as a Green Draconian Shapeshifter on Oct 8, 2023.
             Was an Initiate of Hepliaklqana.
             Slain by a centaur warrior (13 damage)
             ... in the Dungeon (Sprint I: "Red Sonja").
             The game lasted 00:07:34 (311 turns).

AiryTheDragon the Grappler (DrSh)                    Turns: 311, Time: 00:07:34

Health: 0/63       AC:  6    Str: 19    XL:     8   Next: 23%
Magic:  8/8        EV: 13    Int: 10    God:    Hepliaklqana [......]
Gold:   175        SH:  0    Dex: 11    Spells: 7/7 levels left

rFire   . .          .
                       - Unarmed
rCold   . . .        (shield currently unavailable)
rNeg    . . .        (body armour unavailable)
rPois   +            (helmet restricted)
rElec   .            (no cloak)
rCorr   .            (no gloves)
SInv    .            (no boots)
Will    .....        (no amulet)
Stlth   +            (no ring)
HPRegen 0.30/turn    (no ring)
MPRegen 0.11/turn

%: no teleportation
@: flux-form, hasted, glowing, slow
A: glow, contaminating, breathe noxious fumes, AC +6, unfitting armour, poison
resistance, cold-blooded
a: Breathe Noxious Fumes, Begin Untransformation, Renounce Religion


You were in the Dungeon.
You worshipped Hepliaklqana.
Hepliaklqana was noncommittal.
You were something dangerously unstable.
You visited 1 branch You collected 425 gold pieces.
You spent 250 gold pieces at shops.

Inventory:

Hand Weapons
 h - a +0 scythe
Magical Staves
 i - a staff of cold
Talismans
 b - a beast talisman
 c - a flux talisman (active)
Scrolls
 j - 2 scrolls of summoning
 k - a scroll of identify
 l - a scroll of poison
Potions
 a - a potion of lignification
 d - a potion of curing
 e - a potion of heal wounds
 g - 2 potions of magic


   Skills:
 + Level 3.1 Fighting
 + Level 5.5 Dodging
 + Level 2.3 Stealth
 + Level 11.5 Unarmed Combat
 + Level 4.6 Evocations
 + Level 11.3 Shapeshifting


You had 7 spell levels left.
You didn't know any spells.
Your spell library was empty.

Dungeon Overview and Level Annotations

Branches:
Dungeon (1/1)

Altars:
Cheibriados
Dithmenos
Elyvilon
Fedhas
Gozag
Hepliaklqana
Kikubaaqudgha
Makhleb
Nemelex Xobeh
Okawaru
Qazlal
Ru
Sif Muna
Trog
Uskayaw
Vehumet
Wu Jian
Xom
Yredelemnul
Zin
The Shining One
Jiyva
Lugonu

Shops:
D ?


Innate Abilities, Weirdness & Mutations

You are something dangerously unstable.
You glow with magical radiation, making you easy to see and hit.
Foes you strike become dangerously contaminated with magical radiation.
You are incapable of wielding weapons or throwing items.
You can breathe blasts of noxious fumes.
Your lurid green scales are hard. (AC +6)
You cannot fit into any form of body armour.
Your system is resistant to poisons. (rPois)
You are cold-blooded and may be slowed by cold attacks.


Message History

The kobold demonologist is moderately wounded.
The kobold demonologist hits you but does no damage.
You hit the kobold demonologist but do no damage.
The kobold demonologist glows dangerously bright.
You tail-slap the kobold demonologist, but do no damage.
The kobold demonologist is moderately wounded.
You punch the kobold demonologist!
The kobold demonologist shudders as magic cascades through it!!
You kill the kobold demonologist!
The chaos spawn degenerates into a cloud of primal chaos!
Your Stealth skill increases to level 2!
Your Unarmed Combat skill increases to level 11!
Your Shapeshifting skill increases to level 11!
You have reached level 8!
You feel agile.
Things that are here:
a +0 dagger; a +0 robe
There is an open door here.
There is an open door here.
There is an open door here.
You have got your breath back.
You open the door.
A centaur warrior comes into view.
The centaur warrior moves out of view.
Found 14 gold pieces.
There is an open door here.
You enter the shallow water.
Moving in this stuff is going to be slow.
Found a scroll labelled FETEORAOTS.
A centaur warrior comes into view.
The centaur warrior shouts!
The centaur warrior wields a +0 orcbow.
The centaur warrior shoots an arrow.
The arrow hits you!!
The centaur warrior wields a +0 orcbow.
The centaur warrior shoots an arrow.
The arrow hits you!
You feel yourself speed up.
The centaur warrior shoots an arrow.
The arrow hits you!
* * * LOW HITPOINT WARNING * * *
The centaur warrior unwields a +0 orcbow.
The centaur warrior hits you!
You die...

#########################
<.#..'..#..'..#__#..')..#
..').#..'[.#..'..'.)#§..#
.)#####'#####'#__####...+
..####..#...#.####§§#####
..#__####..##.#~pc§§#
..#_____##'#_.§§~c§§+
⌠⌠#_.∩...†...§#~§§§§#
###_..__##_.#'##+####
#_____###+#)# ####### ###


You could see 2 centaur warriors.

Vanquished Creatures
  2 kobold demonologists (D)
  A slime creature (D)
  Sigmund (D)
  A yak (D)
  A floating eye (D)
  An ogre (D)
  A jelly (D)
  Ijyb (D)
9 creatures vanquished.

Notes
Turn   | Place    | Note
-------+----------+-------------------------------------------
     0 | D        | AiryTheDragon the Draconian Shapeshifter began the quest
                  | for the Orb.
     0 | D        | Reached XP level 1. HP: 16/16 MP: 1/1
     2 | D        | Noticed Ijyb
    11 | D        | Killed Ijyb
    12 | D        | Reached XP level 2. HP: 13/23 MP: 2/2
    65 | D        | Noticed an ogre
    72 | D        | Killed an ogre
    73 | D        | Reached XP level 3. HP: 29/29 MP: 3/3
    73 | D        | Reached XP level 4. HP: 36/36 MP: 4/4
    91 | D        | Noticed Sigmund
    96 | D        | Killed Sigmund
    97 | D        | Reached XP level 5. HP: 34/42 MP: 5/5
    97 | D        | Reached XP level 6. HP: 41/50 MP: 6/6
   110 | D        | Found a burning altar of Makhleb.
   110 | D        | Found a viscous altar of Jiyva.
   110 | D        | Found a shimmering altar of Xom.
   110 | D        | Found a corrupted altar of Lugonu.
   110 | D        | Noticed a slime creature
   122 | D        | Killed a slime creature
   218 | D        | Found an ornate altar of the Wu Jian Council.
   218 | D        | Found a shimmering blue altar of Sif Muna.
   220 | D        | Found a radiant altar of Vehumet.
   244 | D        | Found Ossipt's Magic Scroll Emporium.
   244 | D        | Found an ancient bone altar of Kikubaaqudgha.
   244 | D        | Found a hazy altar of Hepliaklqana.
   244 | D        | Found a hide-covered altar of Uskayaw.
   244 | D        | Found a basalt altar of Yredelemnul.
   244 | D        | Found an opulent altar of Gozag.
   244 | D        | Found a snail-covered altar of Cheibriados.
   244 | D        | Found a sacrificial altar of Ru.
   244 | D        | Found a shadowy altar of Dithmenos.
   244 | D        | Noticed a yak
   249 | D        | Killed a yak
   250 | D        | Reached skill level 10 in Shapeshifting
   250 | D        | Your scales start taking on a lurid green colour.
   250 | D        | Reached XP level 7. HP: 56/56 MP: 7/7
   250 | D        | Gained mutation: Your system is resistant to poisons.
                  | (rPois) [Green Draconian growth]
   250 | D        | Found a stormy altar of Qazlal.
   250 | D        | Found a blossoming altar of Fedhas.
   250 | D        | Found a bloodstained altar of Trog.
   250 | D        | Found an iron altar of Okawaru.
   250 | D        | Found a glowing golden altar of the Shining One.
   250 | D        | Found a glowing silver altar of Zin.
   250 | D        | Found a white marble altar of Elyvilon.
   251 | D        | Found a sparkling altar of Nemelex Xobeh.
   253 | D        | Became a worshipper of Hepliaklqana the Forgotten
   256 | D        | Bought a scroll of summoning for 95 gold pieces
   256 | D        | Bought a scroll of identify for 20 gold pieces
   256 | D        | Bought a scroll of summoning for 95 gold pieces
   256 | D        | Bought a scroll of poison for 40 gold pieces
   282 | D        | Noticed a kobold demonologist
   282 | D        | Noticed a kobold demonologist
   287 | D        | Reached skill level 5 in Dodging
   287 | D        | Reached skill level 1 in Stealth
   287 | D        | Reached skill level 10 in Unarmed Combat
   293 | D        | Killed a kobold demonologist
   295 | D        | Noticed a chaos spawn
   297 | D        | Killed a kobold demonologist
   298 | D        | Reached XP level 8. HP: 63/63 MP: 8/8
   307 | D        | Noticed a centaur warrior
   310 | D        | Noticed a centaur warrior
   311 | D        | Slain by a centaur warrior

Illustrated notes

Levels and vault maps discovered:
D:        dungeon_sprint_1 [red_sonja_temple_1, red_sonja_temple_small_1]

Skill      XL: |  1  2  3  4  5  6  7 |
---------------+----------------------+-----
Dodging        | 2 3 4 5 |  5.5
Unarmed Combat | 4 6 7 9 11 | 11.5
Shapeshifting  | 4 6 8 10 11 | 11.3
Evocations     | 2 3 4 |  4.6
Fighting       | 2 3 |  3.1
Stealth        | 2 |  2.3

Action                     |  1- 3 |  4- 6 |  7- 9 || total
---------------------------+-------+-------+-------++-------
  Melee: Unarmed           |     8 |    23 |    13 ||    44
         Tailslap          |     3 |     5 |     1 ||     9
Ability: Breathe Noxious F |       |       |     1 ||     1
  Evoke: Wand              |     6 |       |       ||     6
    Use: Potion            |     1 |       |     1 ||     2
         Scroll            |     1 |       |       ||     1
   Stab: Confused          |       |       |     2 ||     2
 Armour: Skin              |     3 |     5 |     5 ||    13
  Dodge: Dodged            |     3 |    11 |     1 ||    15
   Form: Flux              |       |     1 |       ||     1

Table legend: (Time is in decaauts)
 A = Elapsed time spent in this place.
 B = Non-inter-level travel time spent in this place.
 C = Inter-level travel time spent in this place.
 D = Time resting spent in this place.
 E = Time spent auto-exploring this place.
 F = Levels seen in this place.
 G = Mean time per level.
                   A        B        C        D        E       F      G
               +--------+--------+--------+--------+--------+-----+--------+
         Total |    312 |    303 |      9 |    136 |      0 |   1 |  312.0 |
       Dungeon |    312 |    303 |      9 |    136 |      0 |   1 |  312.0 |
               +--------+--------+--------+--------+--------+-----+--------+

Top non-repeatable levels by time:
       D: 312 daAuts
